AoeStats
← Reis

Socotra

506614927Analyzed
4v4 RM · 19d ago on Sep 14, 2026· 12m 3s· 8 players
Game mode
Random Map
Map size
148×148
Population
200
Speed
Normal
Resources
Standard
Victory
Conquest
Starting age
Dark Age
Ending age
Imperial Age
RankedLock teamsTeams togetherTeam positionsShared explorationLock speedFull tech treeHidden civsTurbo modeCheats
Victory
Defeat
🇺🇸 Romans · United States
1350
+16
🇨🇳 Teutons · China
1349
+16
🇳🇿 Hindustanis · New Zealand
1322
+17
🇦🇺 Ethiopians · Australia
1245
+19
🇮🇳 Persians · India
1350
-17
🇷🇺 Turks · Russia
1340
-17
🇩🇪 Koreans · Germany
1330
-17
🇨🇭 Bulgarians · Switzerland
1326
-17
Far King Noob
10:15 Feudal Age
8:31 Loom
Hurin
6:15 Loom
8:16 Feudal Age
8:57 Double-Bit Axe
Waetla
7:09 Loom
11:29 Feudal Age
12:08 Double-Bit Axe
KB509521
6:12 Loom
9:57 Feudal Age
Reis
9:28 Feudal Age
Murschann
8:54 Loom
11:03 Feudal Age
KASPER
10:49 Feudal Age
9:34 Loom
वीर
6:54 Loom
9:20 Feudal Age
Connection lost

Rejoining the realm…

Still unreachable

The connection could not be restored.

Session expired

The server has moved on; the page needs a fresh start.